 Dungeon Crawl Stone Soup version 0.18.1-6-gd335043 (webtiles) character file.

58 manyhoops the Skirmisher (level 3, -3/30 HPs)
             Began as a Demonspawn Fighter on May 18, 2016.
             Slain by Natasha (7 damage)
             ... on level 2 of the Dungeon.
             The game lasted 00:02:26 (1509 turns).

manyhoops the Skirmisher (Demonspawn Fighter)       Turns: 1509, Time: 00:02:26

Health: -3/30      AC:  9    Str: 17    XL:     3   Next: 76%
Magic:  3/3        EV:  7    Int:  9    God:
Gold:   77         SH:  0    Dex: 12    Spells: 0 memorised, 2 levels left

rFire  . . .     SeeInvis .       - Unarmed
rCold  . . .     Gourm    .     m - +0 chain mail
rNeg   . . .     Faith    .     (no shield)
rPois  .         Spirit   .     (no helmet)
rElec  .         Dismiss  .     (no cloak)
rCorr  .         Reflect  .     (no gloves)
SustAt .         Harm     .     (no boots)
MR     .....                    (no amulet)
Stlth  ..........               (no ring)
                                (no ring)

@: slowed, very slow, not resistant to hostile enchantments, extremely
unstealthy
A: claws 1, talons 1
a: no special abilities


You were on level 2 of the Dungeon.
You were very hungry.

You visited 1 branch of the dungeon, and saw 2 of its levels.

You collected 77 gold pieces.

Inventory:

Armour
 b - a +0 scale mail
 m - a +0 chain mail (worn)
Jewellery
 q - an uncursed ring of ice {unknown}
Scrolls
 e - 2 scrolls of remove curse {unknown}
 g - a scroll of teleportation {unknown}
 i - 4 scrolls of identify {unknown}
 j - a scroll of blinking {unknown}
 o - 2 scrolls of enchant armour {unknown}
 p - a scroll of enchant weapon {unknown}
 r - a scroll of immolation {unknown}
 s - a scroll of random uselessness {unknown}
Potions
 d - 2 potions of might
 h - a potion of resistance
 k - a potion of heal wounds {unknown}
 l - a potion of curing {unknown}
Books
 n - a book of Enchantments

   Spells                             Type                      Level
   a - Cause Fear                     Hexes                        4
   b - Yara's Violent Unravelling     Hexes/Transmutation          5
   c - Silence                        Hexes/Air                    5
   d - Deflect Missiles               Charms/Air                   6
   e - Haste                          Charms                       6
   f - Discord                        Hexes                        8
Comestibles
 a - a royal jelly
 c - 3 fruits
 f - 2 bread rations


   Skills:
 + Level 3.9 Fighting
   Level 2.0 Axes
 - Level 3.2 Armour
   Level 2.6 Shields
 * Level 1.0 Unarmed Combat


You had 2 spell levels left.
You didn't know any spells.

Dungeon Overview and Level Annotations

Branches:
Dungeon (2/15)

Altars:

Annotations:
D:2 Natasha


Innate Abilities, Weirdness & Mutations

You have sharp fingernails.
You have sharp toenails.


Message History

You closely miss Natasha. You claw Natasha, but do no damage.
Natasha is almost dead.
Natasha claws you but does no damage.
The shadow imp hits you but does no damage.
Natasha barely misses you.
The shadow imp hits you but does no damage.
Unknown command.
You closely miss Natasha.
Natasha is almost dead.
Natasha stares at you and mumbles some strange words.
The magic dart hits you!
* * * LOW HITPOINT WARNING * * *
The shadow imp hits you but does no damage.
Unknown command.
You closely miss Natasha. You claw Natasha, but do no damage.
Natasha is almost dead.
Natasha claws you but does no damage.
The shadow imp hits you but does no damage.
Natasha claws you!
You die...

##.## #...# #
## #)#.# . .#
#...# ###.##
.# ##.## ..!..
.# #.# #.#.#.#
#.# #..... #
#.# .# #.h5# #
#.##.# # #@###
# ###.##.##..
#...#### #
#.........#
###....#
####......##..
#...##.#
..........#
#.#.### #
.#.#......#
#...###
...#......#
##....#
#.#####.#.#
####.# #.##
#.#.# #.#


You could see Natasha and a shadow imp.

Vanquished Creatures
  An adder (D:2)
  2 oozes (D:2)
  A worm (D:2)
  A giant gecko (D:1)
  A giant cockroach (D:2)
  6 goblins
  7 hobgoblins
  A quokka (D:2)
  5 bats
  2 giant newts
  4 kobolds
  7 rats
38 creatures vanquished.

Notes
Turn   | Place    | Note
--------------------------------------------------------------
     0 | D:1      | manyhoops the Demonspawn Fighter began the quest for the Orb.
     0 | D:1      | Reached XP level 1. HP: 18/18 MP: 1/1
   344 | D:1      | Gained mutation: You have sharp fingernails. [demonic ancestry]
   344 | D:1      | Reached XP level 2. HP: 20/24 MP: 2/2
  1105 | D:2      | Gained mutation: You have sharp toenails. [demonic ancestry]
  1105 | D:2      | Reached XP level 3. HP: 28/29 MP: 3/3
  1349 | D:2      | Reached skill level 1 in Unarmed Combat
  1495 | D:2      | Noticed Natasha
  1509 | D:2      | Slain by Natasha

Skill      XL: |  1  2  3 |
---------------+----------+-----
Armour         | 3 |  3.2
Axes           | 2 |  2.0
Unarmed Combat | 1 |  1.0
Fighting       | |  3.9
Shields        | |  2.6

Action                   || total
-------------------------++-------
Melee: War axe           ||   112
       Unarmed           ||    69
       Kick              ||    20
  Eat: Chunk             ||     1
Armor: Scale mail        ||    68
       Chain mail        ||    73
Dodge: Dodged            ||    74
